 Dungeon Crawl Stone Soup version 0.19-a0-1206-g6bcb79c (webtiles) character file.

40 epen the Skirmisher (level 3, -2/23 HPs)
             Began as a Gargoyle Monk on Aug 21, 2016.
             Slain by a worm (8 damage)
             ... on level 2 of the Dungeon.
             The game lasted 00:01:04 (912 turns).

epen the Skirmisher (Gargoyle Monk)                  Turns: 912, Time: 00:01:05

Health: -2/23      AC:  7    Str: 15    XL:     3   Next: 50%
Magic:  3/3        EV: 13    Int: 10    God:
Gold:   53         SH:  0    Dex: 12    Spells: 0 memorised, 2 levels left

rFire  . . .     SeeInvis .     a - +0 mace
rCold  . . .     Gourm    .     b - +0 robe
rNeg   + . .     Faith    .     (no shield)
rPois  ∞         Spirit   .     (no helmet)
rElec  +         Dismiss  .     (no cloak)
rCorr  .         Reflect  .     (no gloves)
MR     .....     Harm     .     (no boots)
Stlth  ++........               (no amulet)
                                (no ring)
                                h - +2 ring of protection

@: no status effects
A: negative energy resistance 1, electricity resistance, unbreathing,
petrification resistance, rot immunity, AC +3
a: no special abilities


You were on level 2 of the Dungeon.
You were not hungry.

You visited 1 branch of the dungeon, and saw 2 of its levels.

You collected 53 gold pieces.

Inventory:

Hand Weapons
 a - a +0 mace (weapon)
Armour
 b - a +0 robe (worn)
Jewellery
 h - a +2 ring of protection (left hand)
 l - an uncursed amulet of regeneration {unknown}
Scrolls
 e - a scroll of blinking {unknown}
 i - a scroll of teleportation {unknown}
 k - a scroll of noise {unknown}
 o - a scroll of remove curse {unknown}
 q - a scroll of enchant weapon {unknown}
Potions
 d - 2 potions of berserk rage {unknown}
 f - a potion of flight {unknown}
 m - a potion of heal wounds {unknown}
 p - a potion of lignification {unknown}
Comestibles
 c - 4 bread rations
 g - 4 meat rations
 j - 5 chunks of flesh
 n - a slice of pizza


   Skills:
 + Level 3.5 Fighting
 * Level 3.4 Maces & Flails
 * Level 1.5 Armour
 + Level 2.7 Dodging
 - Level 2.1 Stealth


You had 2 spell levels left.
You didn't know any spells.

Dungeon Overview and Level Annotations

Branches:
Dungeon (2/15)

Altars:
Yredelemnul


Innate Abilities, Weirdness & Mutations

You are resistant to torment.
Your stone body is resilient. (AC +3)
You are immune to poison.
You resist negative energy. (rN+)
You are resistant to electric shocks. (rElec)
You can survive without breathing.
You are immune to petrification.
You are immune to rotting.


Message History

The worm is moderately wounded.
The rat bites you but does no damage.
You hit the worm.
The worm is heavily wounded.
The rat closely misses you. The worm barely misses you.
The rat barely misses you.
You hit the worm.
The worm is heavily wounded.
The worm bites you but does no damage. The rat closely misses you.
You hit the worm.
The worm is almost dead.
The rat barely misses you. The worm bites you!
* * * LOW HITPOINT WARNING * * *
You are too injured to fight recklessly!
You are too injured to fight recklessly!
You are too injured to fight recklessly!
You hit the worm.
The worm is almost dead.
The rat misses you. The worm bites you!
You die...

#.## ##+# #..<...>#
..<###### ##...##
#.##.##.# ........#
##.....## #.......#
.....##.###.......##
#.#####.#
##....#.##.........####.#
#.#
.........+.........'....#
#.#
#.....#.##.........####.#
#.# #....##.# #.......##
#.#####.# ........#
##...w@## #..†.†..#
#.####### ##..r##
#####.### #.# ##+# #.#
#.# #.# #.# #.# #.# #.#
#.# ######.############.#
#.# #................)..#
#.##
#.#.......###########
...# #.#.#...#.#


You could see a worm and a rat.

Vanquished Creatures
  An ooze (D:1)
  A worm (D:2)
  A dart slug (D:2)
  2 giant cockroaches (D:2)
  2 goblins
  4 hobgoblins
  4 jackals (D:2)
  2 bats
  9 giant newts (D:1)
  A kobold (D:2)
  5 rats
32 creatures vanquished.

Notes
Turn   | Place    | Note
-------+----------+-------------------------------------------
     0 | D:1      | epen the Gargoyle Monk began the quest for the Orb.
     0 | D:1      | Reached XP level 1. HP: 14/14 MP: 1/1
    74 | D:1      | Reached XP level 2. HP: 17/19 MP: 2/2
   162 | D:1      | Reached skill level 1 in Armour
   514 | D:2      | Found a basalt altar of Yredelemnul.
   525 | D:2      | Reached XP level 3. HP: 16/23 MP: 3/3
   912 | D:2      | Slain by a worm

Vault maps used:
D:1:      roderic_chinese_lattice_arrival, minmay_newt_pond
D:2:      yredelemnul_altar_generic, first_bread, supply_closet_lemuel

Skill      XL: |  1  2 |
---------------+-------+-----
Armour         | 1 |  1.5
Fighting       | |  3.5
Maces & Flails | |  3.4
Dodging        | |  2.7
Stealth        | |  2.1

Action                   || total
-------------------------++-------
Melee: Mace              ||   102
 Stab: Sleeping          ||     2
Armor: Robe              ||    25
Dodge: Dodged            ||    85
